 Dungeon Sprint DCSS version 0.27-a0-633-gc6addc0a40 (webtiles) character file.

Game seed: 13535790121912429801

151 mhtbhm the Cudgeller (level 5, 0/70 HPs)
             Began as a Human Berserker on Mar 13, 2021.
             Was a High Priest of Trog.
             Slain by a fire crab (shapeshifter) (3 damage)
             ... in the Dungeon (Sprint IX: "|||||||||||||||||||||||||||||").
             The game lasted 00:00:41 (430 turns).

mhtbhm the Cudgeller (Human Berserker)               Turns: 430, Time: 00:00:41

Health: 0/70       AC:  9    Str: 21    XL:     5   Next: 59%
Magic:  5/5        EV: 11    Int: 11    God:    Trog [*****.]
Gold:   0          SH:  0    Dex: 12    Spells: 4/4 levels left

rFire    . . .     SeeInvis .   a - +2 dire flail "Joukh" {vorpal, rPois}
rCold    . . .     Faith    .   (shield currently unavailable)
rNeg     . . .     Spirit   .   b - +1 scale mail
rPois    +         Reflect  .   (no helmet)
rElec    .         Harm     .   k - +0 cloak
rCorr    .         Rampage  .   (no gloves)
Will     .....     NoTele   +   (no boots)
Stlth    ..........             (no amulet)
HPRegen  0.21/turn              l - +3 ring of strength
MPRegen  0.09/turn              m - +3 ring of intelligence

@: berserking, very quick
A: no striking features
a: Renounce Religion, Berserk, Trog's Hand, Brothers in Arms


You were in the Dungeon.
You worshipped Trog.
Trog was extremely pleased with you.
You visited 1 branch

Inventory:

Hand Weapons
 a - the +2 dire flail "Joukh" (weapon) {vorpal, rPois}
   (You found it in the Dungeon)

   It inflicts extra damage upon your enemies.
   It protects you from poison.
Armour
 b - a +1 scale mail (worn)
 k - a +0 cloak (worn)
Jewellery
 l - a +3 ring of strength (right hand)
 m - a +3 ring of intelligence (left hand)
Wands
 j - a wand of acid (10)
Scrolls
 h - 2 scrolls of blinking
Potions
 c - 5 potions of curing
 d - 3 potions of heal wounds
 e - a potion of haste
 f - 4 potions of magic
 g - a potion of berserk rage
 i - a potion of invisibility


   Skills:
 + Level 6.8 Fighting
 + Level 7.5 Maces & Flails
 + Level 3.3 Armour
 + Level 4.0 Dodging
 + Level 0.5 Stealth


You had 4 spell levels left.
You didn't know any spells.
Your spell library was empty.

Dungeon Overview and Level Annotations

Branches:
Dungeon (1/1)

Altars:
Cheibriados
Dithmenos
Elyvilon
Fedhas
Gozag
Hepliaklqana
Kikubaaqudgha
Makhleb
Nemelex Xobeh
Okawaru
Qazlal
Ru
Sif Muna
Trog
Uskayaw
Vehumet
Wu Jian
Xom
Yredelemnul
Zin
The Shining One
Beogh
Jiyva
Lugonu


Message History

You recover from your berserk rage.
Things that are here:
a +0 dagger; a +0 robe; an orc corpse You start resting.
HP restored.
You open the door.
A bullfrog, a fire crab, an ice beast, an orc, a zombie and a skeleton come into view.
The orc shouts!
Unknown command.
A red film seems to cover your vision as you go berserk!
You feel yourself moving faster!
You feel mighty! The fire crab bites you!
You are engulfed in flames!
The fire crab barely misses you.
You barely miss the fire crab. You barely miss the fire crab.
The fire crab bites you but does no damage.
The fire crab claws you.
You are engulfed in flames!
You are too injured to fight recklessly!
You are too injured to fight recklessly!
You are too injured to fight recklessly!
You are too injured to fight recklessly!
You are too injured to fight recklessly!
You are too injured to fight recklessly!
You are too injured to fight recklessly!
You are too injured to fight recklessly!
You are too injured to fight recklessly!
You are too injured to fight recklessly!
You are too injured to fight recklessly!
You hit the fire crab.
The fire crab is lightly wounded.
You barely miss the fire crab.
The fire crab is lightly wounded.
The fire crab bites you but does no damage.
The fire crab claws you!
* * * LOW HITPOINT WARNING * * *
You are engulfed in flames!
* * * LOW HITPOINT WARNING * * *
You impale the fire crab!!
The fire crab is heavily wounded.
The fire crab bites you.
You die...

▓Z▓
▓.▓
▓o▓
▓Z▓
▓Y▓
▓F▓
▓t▓
▓@▓
▓.▓
▓.▓
▓.▓
▓)▓
▓†▓
▓'▓
▓.▓
▓.▓


You could see a fire crab, an ice beast, a bullfrog, an orc, a bat zombie and a
quokka skeleton.

Vanquished Creatures
  A scorpion (D)
  A jelly (D)
  An orc wizard (D)
  An adder (D)
  A shadow imp (D)
  2 white imps (D)
  An ufetubus (D)
  A dart slug (D)
  An orc (D)
  A bat zombie (D)
  A hobgoblin (D)
  A ball python (D)
  2 bats (D)
  A kobold (D)
16 creatures vanquished.

Notes
Turn   | Place    | Note
-------+----------+-------------------------------------------
     0 | D        | mhtbhm the Human Berserker began the quest for the Orb.
     0 | D        | Reached XP level 1. HP: 18/18 MP: 1/1
    16 | D        | Reached ** piety under Trog
    23 | D        | Reached XP level 2. HP: 9/25 MP: 2/2
   218 | D        | Reached skill level 4 in Maces & Flails
   218 | D        | Reached *** piety under Trog
   225 | D        | Reached XP level 3. HP: 31/31 MP: 3/3
   227 | D        | Reached skill level 5 in Maces & Flails
   238 | D        | Found a snail-covered altar of Cheibriados.
   238 | D        | Found a shadowy altar of Dithmenos.
   238 | D        | Found a white marble altar of Elyvilon.
   238 | D        | Found a blossoming altar of Fedhas.
   238 | D        | Found an opulent altar of Gozag.
   239 | D        | Found a hazy altar of Hepliaklqana.
   240 | D        | Found a viscous altar of Jiyva.
   241 | D        | Found an ancient bone altar of Kikubaaqudgha.
   242 | D        | Found a corrupted altar of Lugonu.
   243 | D        | Found a burning altar of Makhleb.
   244 | D        | Found a sparkling altar of Nemelex Xobeh.
   245 | D        | Found an iron altar of Okawaru.
   246 | D        | Found a stormy altar of Qazlal.
   247 | D        | Found a sacrificial altar of Ru.
   248 | D        | Found a shimmering blue altar of Sif Muna.
   249 | D        | Found a bloodstained altar of Trog.
   250 | D        | Found a hide-covered altar of Uskayaw.
   251 | D        | Found a radiant altar of Vehumet.
   252 | D        | Found an ornate altar of the Wu Jian Council.
   253 | D        | Found a shimmering altar of Xom.
   254 | D        | Found a basalt altar of Yredelemnul.
   255 | D        | Found a glowing silver altar of Zin.
   256 | D        | Found a glowing golden altar of the Shining One.
   275 | D        | Got the +2 dire flail "Joukh" {vorpal, rPois}
   315 | D        | Noticed a scorpion
   317 | D        | Reached **** piety under Trog
   318 | D        | Reached skill level 5 in Fighting
   325 | D        | Killed a scorpion
   326 | D        | Reached skill level 6 in Maces & Flails
   326 | D        | Reached XP level 4. HP: 40/40 MP: 4/4
   327 | D        | Reached XP level 5. HP: 47/47 MP: 5/5
   329 | D        | Reached skill level 7 in Maces & Flails
   329 | D        | Reached ***** piety under Trog
   424 | D        | Noticed an ice beast
   424 | D        | Noticed a bullfrog
   424 | D        | Noticed a fire crab
   429 | D        | HP: 3/70 [fire crab (shapeshifter) (14)]
   430 | D        | Slain by a fire crab (shapeshifter)

Illustrated notes

Levels and vault maps discovered:
D:        linesprint [early_d, line_temple, items_1, d_10, items_2, lair_1,
          lair_end, items_3, orc_1, orc_end, items_4, d_15, swamp_1, shoals_1,
          snake_1, spider_1, d_20, vaults_1, items_5, swamp_end, shoals_end,
          snake_end, spider_end, vaults_end, d_27, items_6, zot_1, zot_end,
          crypt_end, forest_end, elf_end, slime_end, tomb_end, abyss_end,
          pan_hell_end]

Skill      XL: |  1  2  3  4  5 |
---------------+----------------+-----
Maces & Flails | 4 6 7 |  7.5
Fighting       | 4 6 |  6.8
Dodging        | 3 4 |  4.0
Armour         | 3 |  3.3
Stealth        | |  0.5

Action                   |  1- 3 |  4- 6 || total
-------------------------+-------+-------++-------
Melee: Mace              |    25 |       ||    25
       Dire flail        |     8 |     8 ||    16
Invok: Berserk           |     3 |     1 ||     4
Armor: Animal skin       |     3 |       ||     3
       Scale mail        |     3 |     2 ||     5
Dodge: Dodged            |    10 |     3 ||    13

Table legend: (Time is in decaauts)
 A = Elapsed time spent in this place.
 B = Non-inter-level travel time spent in this place.
 C = Inter-level travel time spent in this place.
 D = Time resting spent in this place.
 E = Time spent auto-exploring this place.
 F = Levels seen in this place.
 G = Mean time per level.
                   A        B        C        D        E       F      G
               +--------+--------+--------+--------+--------+-----+--------+
         Total |    452 |    452 |      0 |    296 |      0 |   1 |  452.0 |
       Dungeon |    452 |    452 |      0 |    296 |      0 |   1 |  452.0 |
               +--------+--------+--------+--------+--------+-----+--------+

Top non-repeatable levels by time:
       D: 452 daAuts
